 Dungeon Crawl Stone Soup version 0.29.1-2-gbd0b4ee654 (webtiles) character file.

Game seed: 12132180478029449136

69 MisterFreud the Twirler (level 4, 0/33 HPs)
             Began as a Formicid Gladiator on Oct 24, 2022.
             Slain by a gnoll
             ... wielding a +0 whip
              (8 damage)
             ... on level 1 of the Dungeon.
             The game lasted 00:01:53 (1520 turns).

MisterFreud the Twirler (Formicid Gladiator)        Turns: 1520, Time: 00:01:54

Health: 0/33       AC:  3    Str: 21    XL:     4   Next: 42%
Magic:  4/4        EV: 13    Int:  7    God:
Gold:   96         SH:  0    Dex: 21    Spells: 3/3 levels left

rFire   . . .      SeeInvis +   a - +1 quarterstaff
rCold   . . .      Faith    .   (no shield)
rNeg    . . .      Spirit   .   b - +0 leather armour
rPois   .          Reflect  .   (helmet unavailable)
rElec   .          Harm     .   (no cloak)
rCorr   .          Rampage  .   (no gloves)
Will    +....                   (no boots)
Stlth   ++........              (no amulet)
HPRegen 0.11/turn               e - ring of willpower
MPRegen 0.09/turn               l - +6 ring of dexterity

@: brilliant, lethally poisoned (0 -> -1)
A: permanent stasis, dig shafts and tunnels, antennae 3, four strong arms
a: Dig, Shaft Self


You were on level 1 of the Dungeon.
You visited 1 branch of the dungeon, and saw 2 of its levels.

You collected 96 gold pieces.

Inventory:

Hand Weapons
 a - a +1 quarterstaff (weapon)
Missiles
 c - 3 throwing nets (quivered)
 d - 5 javelins
Armour
 b - a +0 leather armour (worn)
Jewellery
 e - a ring of willpower (left hand)
 l - a +6 ring of dexterity (right hand)
Potions
 f - a potion of heal wounds
 m - a potion of haste {unknown}


   Skills:
 - Level 2.1 Fighting
 + Level 4.9 Staves
 - Level 2.0 Throwing
 - Level 2.6 Dodging


You had 3 spell levels left.
You didn't know any spells.
Your spell library contained the following spells:

 Spells                   Type           Power      Damage    Failure   Level
 Ignite Poison            Fire/Tmut/Pois 0%         N/A       85%         3
 Mephitic Cloud           Conj/Pois/Air  0%         N/A       85%         3
 Freezing Cloud           Conj/Ice/Air   0%         6-21      100%        5


Dungeon Overview and Level Annotations

Branches:
Dungeon (2/15)

Altars:


Innate Abilities, Weirdness & Mutations

You cannot be hasted, slowed, berserked, paralysed or teleported.
You can dig through walls and to a lower floor.
You have a pair of large antennae on your head. (SInv)
Your four strong arms can wield two-handed weapons with a shield.


Message History

The adder closely misses you.
The gnoll hits you from afar with a +0 spear.
The adder closely misses you. The gnoll barely misses you.
The gnoll closely misses you. The adder misses you.
The gnoll hits you from afar with a +0 halberd!
The gnoll hits you with a +0 spear.
The gnoll hits you from afar with a +0 halberd!
* * * LOW HITPOINT WARNING * * *
The adder attacks as you move away! The adder bites you.
* * * LOW HITPOINT WARNING * * *
The gnoll throws a poisoned dart.
The poisoned dart hits you!
You are lethally poisoned!
The gnoll hits you from afar with a +0 spear.
* * * LOW HITPOINT WARNING * * *
There is a stone staircase leading up here.
You feel much better.
You feel very sick. The adder barely misses you. The adder closely misses you.
The gnoll closely misses you.
The gnoll hits you from afar with a +0 spear.
You feel sick. The adder closely misses you. The gnoll hits you with a +0 whip!
* * * LOW HITPOINT WARNING * * *
The gnoll closely misses you. The gnoll misses you.
The gnoll hits you from afar with a +0 halberd.
* * * LOW HITPOINT WARNING * * *
You climb upwards.
* * * LOW HITPOINT WARNING * * *
You feel sick.
There is a stone staircase leading down here.
You feel much better.
You feel sick. The adder closely misses you. The gnoll misses you.
The gnoll barely misses you.
It was a potion of brilliance.
You feel clever all of a sudden.
You feel sick. The adder bites you but does no damage.
The gnoll completely misses you. The gnoll misses you. The adder misses you.
The gnoll attacks as you move away! The gnoll hits you with a +0 whip.
You feel sick. The adder barely misses you. The gnoll misses you.
Are you sure you want to shaft yourself?
You feel sick. The adder closely misses you. The gnoll hits you with a +0 whip!
You die...

##..##.......#
..##..##.....#
..##..##....^#
##..##.......#
##.<##.......#
..##..##.....#
..##..##.....####
##..##..###....g##
##..##..##....gS@##
#########....†....#
.###### #.........#
......###.........#
#####....(........#
#########........>#
........#........##
.....[..#.........#
..................#


You could see 2 gnolls and an adder.

Vanquished Creatures
  A gnoll (D:1)
  3 ball pythons
  7 bats
  3 endoplasms (D:1)
  A giant cockroach (D:1)
  2 goblins (D:2)
  6 hobgoblins
  10 jackals (D:1)
  4 kobolds
  3 quokkas
  4 frilled lizards
  9 rats
53 creatures vanquished.

Notes
Turn   | Place    | Note
-------+----------+-------------------------------------------
     0 | D:1      | MisterFreud the Formicid Gladiator began the quest for the
                  | Orb.
     0 | D:1      | Reached XP level 1. HP: 16/16 MP: 1/1
   143 | D:1      | Reached XP level 2. HP: 20/22 MP: 2/2
   151 | D:1      | Reached skill level 4 in Staves
   151 | D:1      | Reached XP level 3. HP: 10/27 MP: 3/3
   369 | D:1      | Found a faded altar of an unknown god.
   939 | D:1      | Reached XP level 4. HP: 32/33 MP: 4/4
  1513 | D:2      | HP: 1/33 [gnoll/+0 spear (2)]
  1520 | D:1      | Slain by a gnoll

Illustrated notes

Levels and vault maps discovered:
D:1:      lightli_iron_boxes, layout_rooms, dreamdust_ecumenical_altar_grove,
          minmay_door_square, minmay_pentomino_z4
D:2:      layout_basic

Skill      XL: |  1  2 |
---------------+-------+-----
Staves         | 4 |  4.9
Fighting       | |  2.1
Throwing       | |  2.0
Dodging        | |  2.6

Action                   |  1- 3 |  4- 6 || total
-------------------------+-------+-------++-------
Melee: Quarterstaff      |    80 |    37 ||   117
       Punch             |     1 |       ||     1
 Abil: Shaft Self        |       |     1 ||     1
  Use: Scroll            |       |     5 ||     5
       Potion            |       |     3 ||     3
 Stab: Sleeping          |       |     2 ||     2
       Distracted        |       |     1 ||     1
Armor: Leather armour    |    31 |     6 ||    37
Dodge: Dodged            |    66 |    40 ||   106
